 Dungeon Crawl Stone Soup version 0.31.0-32-g396128a36d (webtiles) character file.

Game seed: 12667799716550104801

94 tizbic2 the Ducker (level 4, -2/35 HPs)
             Began as a Djinni Gladiator on Apr 13, 2024.
             Was a Believer of Makhleb.
             Slain by an orc
             ... wielding a +0 trident
              (5 damage)
             ... on level 3 of the Dungeon.
             The game lasted 00:08:22 (2094 turns).

tizbic2 the Ducker (Djinni Gladiator)               Turns: 2094, Time: 00:08:23

Health: -2/35      AC: 10    Str: 13    XL:     4   Next: 94%
Gold:   201        EV:  7    Int: 12    God:    Makhleb [**....] SH:  0 Dex: 14

rFire   + + .        a - +4 short sword of Ointment {speed, Fly Stlth+}
rCold   x . .        (no shield)
rNeg    . . .        q - +0 chain mail
rPois   ∞            c - +0 helmet
rElec   .            x - +0 cloak
rCorr   .            (no gloves)
SInv    .            (boots unavailable)
Will    .....        (no amulet) Stlth
                     (no ring)
HPRegen 0.25/turn    (no ring)
MPRegen 0.00/turn

%: infuse magic (-3 HP)
@: brilliant, flying
A: sickness immunity, fire resistance 2, cold vulnerability 1, float, innate
caster, HP casting, extra vitality 1
a: Renounce Religion, Minor Destruction


You were on level 3 of the Dungeon.
You worshipped Makhleb.
Makhleb was pleased with you.
You visited 1 branch of the dungeon, and saw 3 of its levels.

You collected 201 gold pieces.

Inventory:

Hand Weapons
 a - the +4 short sword of Ointment (weapon) {speed, Fly Stlth+}
   (You found it on level 2 of the Dungeon)

   Fly:       It grants you flight.
   Stlth+:    It makes you more stealthy.
 w - a +1 short sword of venom
Missiles
 d - 3 throwing nets
 e - a javelin
 s - 11 boomerangs (quivered)
 v - 2 darts of dispersal
Armour
 c - a +0 helmet (worn)
 o - a +0 ring mail
 q - a +0 chain mail (worn)
 u - a +0 leather armour
 x - a +0 cloak (worn)
Scrolls
 h - a scroll of butterflies {unknown}
 j - a scroll of revelation {unknown}
 k - 2 scrolls of teleportation
 m - a scroll of amnesia
 n - a scroll of immolation {unknown}
 p - 3 scrolls of identify {unknown}
 r - a scroll of enchant armour {unknown}
Potions
 b - a potion of haste {unknown}
 f - a potion of brilliance
 g - a potion of ambrosia {unknown}
 i - 2 potions of curing {unknown}
 l - 2 potions of berserk rage {unknown}


   Skills:
 * Level 3.2 Fighting
 - Level 3.0 Long Blades
 - Level 1.7 Throwing
 - Level 3.6 Dodging
 - Level 0.2 Spellcasting
 - Level 0.2 Conjurations
 - Level 0.2 Hexes
 - Level 0.2 Summonings
 - Level 0.2 Necromancy
 - Level 0.2 Translocations
 - Level 0.2 Fire Magic
 - Level 0.2 Ice Magic
 - Level 0.2 Air Magic
 - Level 0.2 Earth Magic
 - Level 0.2 Alchemy
 * Level 2.1 Invocations


You knew the following spells:

 Your Spells              Type           Power      Damage    Failure   Level
a - Magic Dart            Conj           4%         1d3       100%        1
Your spell library was empty.


Dungeon Overview and Level Annotations

Branches:
Dungeon (3/15)

Altars:
Makhleb


Innate Abilities, Weirdness & Mutations

You are immune to sickness and miasma.
You are immune to poison.
Your flesh is very heat resistant. (rF++)
You are vulnerable to cold. (rC-)
You float through the air rather than walking.
You learn spells naturally, not from books.
Your magical power is your life essence.
You have superior vitality. (+4 MHP)


Message History

The orc is heavily wounded.
The orc priest calls upon Beogh to heal the orc.
The orc's wounds heal themselves!
Aiming: Minor Destruction (12% risk of failure)
Press: ? - help, Shift-Dir - straight line, f/p - orc priest
Aim: an orc priest, wielding a +0 mace Something writhes in agony.
Makhleb accepts your kill.
You feel better.
Reactivating autopickup.
You feel a bit more experienced.
Your Invocations skill increases to level 2!
Aiming: Minor Destruction (10% risk of failure)
Press: ? - help, Shift-Dir - straight line, f/p - orc priest
Aim: an orc priest, wielding a +0 mace The zap hits the orc.
The orc is moderately wounded.
The zap hits the orc priest.
The orc priest is lightly wounded.
The zap hits the orc priest.
The orc priest is moderately wounded.
The zap hits the orc.
The orc is severely wounded.
The orc hits you with a +0 hand axe.
* * * LOW HITPOINT WARNING * * *
Aiming: Minor Destruction (10% risk of failure)
Press: ? - help, Shift-Dir - straight line, f/p - orc priest
Aim: an orc priest, wielding a +0 mace (moderately wounded)
The puff of flame hits the orc.
You kill the orc!
Makhleb accepts your kill.
You feel better.
Aiming: Minor Destruction (10% risk of failure)
Press: ? - help, Shift-Dir - straight line, f/p - orc priest
Aim: an orc priest, wielding a +0 mace (moderately wounded)
The glob of acid hits the orc priest!
The acid corrodes the orc priest!
You kill the orc priest!
Makhleb accepts your kill.
The orc hits you from afar with a +0 trident.
You die...

## #### >. ...
#.# #.. #..#
##.# ... ..#
#o######.##
#.)@......#
########.## #.#
########.#####.#
#...............
#.######+#######
#.#
#.........##+##
#.#
#.............#
#.#
#.............#


You could see an orc.

Vanquished Creatures
  An orc priest (D:3)
  An orc wizard (D:3)
  A gnoll (D:1)
  An adder (D:2)
  A ribbon worm (D:2)
  A dart slug (D:2)
  2 orcs (D:3)
  8 ball pythons
  2 endoplasms (D:2)
  4 goblins
  3 hobgoblins
  3 quokkas
  5 bats
  3 frilled lizards
  5 kobolds
  7 rats
48 creatures vanquished.

Notes
Turn   | Place    | Note
-------+----------+-------------------------------------------
     0 | D:1      | tizbic2 the Djinni Gladiator began the quest for the Orb.
     0 | D:1      | Reached XP level 1. HP: 18/18 MP: 0/0
    70 | D:1      | Reached XP level 2. HP: 21/23 MP: 0/0
   236 | D:1      | Reached XP level 3. HP: 28/28 MP: 0/0
   236 | D:1      | Learned a level 1 spell: Magic Dart
   543 | D:1      | Found a faded altar of an unknown god.
   570 | D:1      | Prayed at the altar of an unknown god.
   570 | D:1      | Became a worshipper of Makhleb the Destroyer
   570 | D:1      | Reached * piety under Makhleb
   675 | D:2      | Reached skill level 1 in Invocations
   851 | D:2      | Reached XP level 4. HP: 34/34 MP: 0/0
  1038 | D:2      | Identified the +4 short sword of Ointment {speed, Fly
                  | Stlth+}
  1244 | D:2      | Reached ** piety under Makhleb
  1645 | D:3      | Found a burning altar of Makhleb.
  2094 | D:3      | Slain by an orc

Illustrated notes

Levels and vault maps discovered:
D:1:      saegor_arrival_simple_e, layout_loops_ring,
          shapermc_ecumenical_altar_flowoftime, chequers_serial_rivers_large_a,
          minmay_box_of_dots
D:2:      layout_basic, basic_altar, kennysheep_generic_room_10
D:3:      layout_basic, old_standard_altar, serial_aquarium,
          aquarium_bridge_square [aquarium_subvault_bridge,
          aquarium_subvault_window, aquarium_subvault_window,
          aquarium_subvault_bridge], aquarium_bridge_square
          [aquarium_subvault_balcony, aquarium_subvault_bridge,
          aquarium_subvault_window, aquarium_subvault_window],
          aquarium_window_1, aquarium_window_corner, aquarium_window_1,
          aquarium_window_1, aquarium_view_2d, aquarium_pool_five,
          eino_tiny_chamber, minmay_lizard_king

Skill      XL: |  1  2  3  4 |
---------------+-------------+-----
Long Blades    | 3 |  3.0
Invocations    | 1 2 |  2.1
Fighting       | 3 |  3.2
Throwing       | |  1.7
Dodging        | |  3.6
Spellcasting   | |  0.2
Conjurations   | |  0.2
Hexes          | |  0.2
Summonings     | |  0.2
Necromancy     | |  0.2
Translocations | |  0.2
Fire Magic     | |  0.2
Ice Magic      | |  0.2
Air Magic      | |  0.2
Earth Magic    | |  0.2
Alchemy        | |  0.2

Action                     |  1- 3 |  4- 6 || total
---------------------------+-------+-------++-------
  Melee: Long sword        |    60 |       ||    60
         Short sword       |    18 |    46 ||    64
  Throw: Boomerang         |       |     1 ||     1
   Cast: Magic Dart        |    12 |       ||    12
 Invoke: Minor Destruction |       |     6 ||     6
    Use: Scroll            |     2 |     2 ||     4
         Potion            |       |     1 ||     1
 Armour: Leather armour    |    23 |       ||    23
         Ring mail         |     4 |     1 ||     5
         Chain mail        |       |    30 ||    30
  Dodge: Dodged            |    39 |    15 ||    54
